 Dungeon Crawl Stone Soup version 0.25-a0-488-g03579ab4a3 (webtiles) character file.

Game seed: 15862302749919294360, levelgen mode: deterministic

14428 Error4North the Cleaver (level 12, -1/101 HPs)
             Began as a Hill Orc Fighter on Feb 10, 2020.
             Was a High Priest of Okawaru.
             Killed by divine providence
             ... invoked by an orc priest
              (15 damage)
             ... on level 12 of the Dungeon on Feb 11, 2020.
             The game lasted 00:51:38 (11007 turns).

Error4North the Cleaver (Hill Orc Fighter)         Turns: 11007, Time: 00:51:38

Health: -1/101     AC: 22    Str: 28      XL:     12   Next: 16%
Magic:  13/20      EV:  8    Int: 12 (13) God:    Okawaru [*****.]
Gold:   356        SH: 26    Dex:  4 (6)  Spells: 19/19 levels left

rFire    . . .     SeeInvis .   E - +0 war axe (elec)
rCold    . . .     Gourm    .   I - +2 pavise
rNeg     . . .     Faith    .   o - +6 chain mail of Uskayaw's Esteem {Int+7 Dex-5}
rPois    .         Spirit   .   (no helmet)
rElec    .         Reflect  +   t - +2 cloak
rCorr    .         Harm     .   (no gloves)
MR       .....                  (no boots)
Stlth    ..........             w - +3 amulet of reflection
HPRegen  0.26/turn              a - -2 ring of intelligence (curse)
MPRegen  0.17/turn              G - +5 ring of strength (curse)

@: lethally poisoned (-1 -> -15), heroism, finesse, hasted, very quick
A: high mp 1, mutation resistance 1
a: Heroism, Finesse, Renounce Religion, Convert to Beogh


You were on level 12 of the Dungeon.
You worshipped Okawaru.
Okawaru was extremely pleased with you.
You were not hungry.

You visited 2 branches of the dungeon, and saw 13 of its levels.

You collected 672 gold pieces.
You spent 316 gold pieces at shops.

Inventory:

Hand Weapons
 C - a +2 mace of protection
 E - a +0 war axe of electrocution (weapon)
Missiles
 n - 6 boomerangs (quivered)
 r - 6 boomerangs of dispersal
Armour
 o - the +6 chain mail of Uskayaw's Esteem (worn) {Int+7 Dex-5}
   (You found it on level 4 of the Dungeon)

   It affects your intelligence (+7).
   It affects your dexterity (-5).
   If you remove this armour, your AC will decrease by 19 (22 -> 3).
 t - a +2 cloak (worn)
 I - a +2 pavise (worn)
Jewellery
 a - a cursed -2 ring of intelligence (left hand)
 w - a +3 amulet of reflection (around neck)
 G - a cursed +5 ring of strength (right hand)
Wands
 c - a wand of random effects (11)
 A - a wand of polymorph (6)
 F - a wand of flame (11)
 H - a wand of acid (11)
Scrolls
 e - 3 scrolls of enchant armour {unknown}
 g - a scroll of identify
 h - 4 scrolls of amnesia {unknown}
 j - 5 scrolls of teleportation {unknown}
 l - 10 scrolls of remove curse {unknown}
 p - 3 scrolls of fear {unknown}
 s - a scroll of random uselessness {unknown}
 u - 2 scrolls of noise {unknown}
 x - 3 scrolls of blinking {unknown}
 y - 2 scrolls of enchant weapon {unknown}
 B - a scroll of fog {unknown}
 J - 2 scrolls of magic mapping {unknown}
 M - a scroll of torment {unknown}
Potions
 b - 2 potions of lignification
 d - a potion of might
 i - 5 potions of flight
 k - 2 potions of heal wounds
 m - a potion of ambrosia {unknown}
 q - 2 potions of curing
 v - a potion of resistance
 D - 2 potions of brilliance
 N - a potion of agility
Comestibles
 f - 25 rations


   Skills:
 * Level 8.1(13.1) Fighting
 + Level 11.4(16.4) Axes
 + Level 1.2(6.2) Throwing
 * Level 9.3(14.3) Armour
 + Level 2.2(7.2) Dodging
 + Level 0.3(5.3) Stealth
 * Level 11.2(16.2) Shields
 + Level 0.3(5.3) Unarmed Combat
 * Level 4.1 Spellcasting
 * Level 7.2 Invocations
 * Level 5.3 Evocations


You had 19 spell levels left.
You didn't know any spells.
Your spell library contained the following spells:

 Spells                   Type           Power        Failure   Level  Hunger
 Poisonous Vapours        Pois/Air       #.....       98%         2    ##.....
 Conjure Flame            Conj/Fire      #.......     100%        3    ###....
 Mephitic Cloud           Conj/Pois/Air  #.......     100%        3    ###....
 Summon Lightning Spire   Summ/Air       #.......     100%        4    ####...
 Silence                  Hex/Air        #.........   100%        5    ######.
 Conjure Ball Lightning   Conj/Air       #.........   100%        6    #######
 Deflect Missiles         Chrm/Air       #.........   100%        6    #######
 Freezing Cloud           Conj/Ice/Air   #.........   100%        6    #######
 Ring of Flames           Chrm/Fire      #.........   100%        7    #######
 Tornado                  Air            #.........   100%        9    #######


Dungeon Overview and Level Annotations

Branches:
Dungeon (12/15)            Temple (1/1) D:7            Lair (0/6) D:10
    Orc: D:9-12

Altars:
Ashenzari
Cheibriados
Dithmenos
Elyvilon
Fedhas
Gozag
Hepliaklqana
Kikubaaqudgha
Makhleb
Nemelex Xobeh
Okawaru
Qazlal
Ru
Sif Muna
Trog
Uskayaw
Vehumet
Wu Jian
Xom
Yredelemnul
Zin
The Shining One

Shops:
D:4 =   D:9 !   D:12 :

Portals:
Ice
Cave: D:12

Annotations:
D:12 Frances


Innate Abilities, Weirdness & Mutations

You have an increased reservoir of magic. (+10% MP)
You are somewhat resistant to further mutation.


Message History

* * * LOW HITPOINT WARNING * * *
You block the orange demon's attack. You block the killer bee's attack.
The wight hits you with a cursed +2 great sword.
* * * LOW HITPOINT WARNING * * *
The killer bee stings you but does no damage.
You hit the kobold but do no damage. Lightning courses through the kobold!!
You kill the kobold!
You closely miss the wight.
Your chain mail of Uskayaw's Esteem prevents you from hitting the adder.
You hit the killer bee but do no damage.
You slash the killer bee!
Lightning courses through the killer bee!
You kill the killer bee!
Okawaru accepts your kill.
You closely miss the killer bee. x2; You hit the troll but do no damage.
* * * LOW HITPOINT WARNING * * *
You feel sick. You block Frances's attack. You block the killer bee's attack.
The orc priest calls down the wrath of Beogh upon you.
Beogh smites you!
You die...

######... ......# ##.......
.....# .(....#..####....#
.......#.........#
#.####..#........#######
..........###.K....(....
............z#oYh.......
......(...zzoKKy†y......
.#..<.....#.#H9y@S......
..........#.#.4T∩z......
.......z.....K@.o.......
......(.z....#o........>
...........#...............
...........##o.>...........
.................o.........
...............##..........
...........#...##..........


You could see Frances, an orange demon, a hippogriff, a troll, a hell hound, a
gargoyle, an ice beast, a big kobold, 3 killer bees, 4 wights, an orc priest, 2
orc wizards, an adder, 3 orcs and 3 kobolds.

Vanquished Creatures
  Gastronok (D:9)
  Erolcha (D:9)
  A two-headed ogre (D:11)
  A slime creature (D:12)
  Pikel (D:9)
  A cyclops (D:11)
  Psyche (D:8)
  A centaur skeleton (D:12)
  A gargoyle (D:7)
  Grinder (D:3)
  2 trolls
  A wraith (D:12)
  7 yaks
  A human (D:9)
  3 hogs (D:9)
  A hungry ghost (D:10)
  2 wargs (D:10)
  Duvessa (D:7)
  A water moccasin (D:11)
  2 sky beasts
  7 orc warriors
  2 phantoms
  A black bear (D:9)
  An eye of draining (D:9)
  8 ice beasts
  4 ogres
  2 necrophages (D:9)
  2 centaurs
  A big kobold (D:10)
  10 bullfrogs
  A wyvern zombie (D:11)
  Dowan (D:7)
  2 scorpions
  A water moccasin skeleton (D:8)
  14 killer bees
  2 wights (D:9)
  4 crimson imps
  2 centaur zombies
  2 bullfrog zombies
  5 jellies
  5 hounds
  6 orc priests
  2 bullfrog skeletons
  9 orc wizards
  An iguana (D:2)
  9 worker ants
  Ijyb (D:3)
  A hound skeleton (D:8)
  3 mummies (D:9)
  A worker ant zombie (D:11)
  4 gnolls
  16 adders
  3 shadow imps
  2 oozes
  An adder zombie (D:9)
  4 worms
  6 dart slugs
  6 leopard geckos
  47 orcs
  2 ball pythons
  12 bats
  5 giant cockroaches
  9 goblins
  7 hobgoblins
  10 jackals
  8 quokkas
  8 frilled lizards
  12 kobolds
  2 leopard gecko skeletons
  A leopard gecko zombie (D:6)
  A quokka skeleton (D:4)
  11 rats
318 creatures vanquished.

Vanquished Creatures (others)
  A slave (D:9)
  A centaur (D:12)
  A killer bee (D:12)
  An adder skeleton (D:9)
  An orc (D:5)
5 creatures vanquished.

Grand Total: 323 creatures vanquished

Notes
Turn   | Place    | Note
-------+----------+-------------------------------------------
     0 | D:1      | Error4North the Hill Orc Fighter began the quest for the
                  | Orb.
     0 | D:1      | Reached XP level 1. HP: 19/19 MP: 1/1
    64 | D:1      | Reached XP level 2. HP: 13/27 MP: 2/2
   730 | D:1      | Reached XP level 3. HP: 27/33 MP: 3/3
  1596 | D:2      | Found a sparkling altar of Nemelex Xobeh.
  1657 | D:2      | Reached XP level 4. HP: 40/40 MP: 4/4
  1854 | D:2      | Found a glowing golden altar of the Shining One.
  2308 | D:2      | Found a transporter.
  2308 | D:2      | Found a transporter.
  2325 | D:2      | Found a shimmering blue altar of Sif Muna.
  2326 | D:2      | Found a radiant altar of Vehumet.
  2344 | D:2      | Reached skill level 1 in Dodging
  2403 | D:2      | Reached XP level 5. HP: 29/46 MP: 5/5
  2846 | D:3      | Reached XP level 6. HP: 19/52 MP: 6/6
  3092 | D:3      | Reached skill level 5 in Axes
  3163 | D:3      | Noticed Grinder
  3525 | D:3      | Paralysed by Grinder for 3 turns
  3544 | D:3      | Killed Grinder
  3544 | D:3      | Reached skill level 5 in Armour
  3544 | D:3      | Reached XP level 7. HP: 29/60 MP: 7/7
  3666 | D:3      | Noticed Ijyb
  3734 | D:3      | Killed Ijyb
  3847 | D:3      | Found a burning altar of Makhleb.
  4001 | D:4      | Got a twisted chain mail
  4002 | D:4      | Identified the +6 chain mail of Uskayaw's Esteem {Int+7
                  | Dex-5} (You found it on level 4 of the Dungeon)
  4127 | D:4      | Found an ancient bone altar of Kikubaaqudgha.
  4253 | D:4      | Found Ygehiekh's Jewellery Emporium.
  4285 | D:4      | Bought a +3 amulet of reflection for 188 gold pieces
  4636 | D:4      | Reached skill level 5 in Shields
  4652 | D:5      | Entered Level 5 of the Dungeon
  4821 | D:5      | Reached XP level 8. HP: 53/67 MP: 8/8
  5592 | D:6      | Reached skill level 5 in Fighting
  5798 | D:6      | Found a hazy altar of Hepliaklqana.
  5799 | D:6      | Found a hide-covered altar of Uskayaw.
  5806 | D:6      | Found an iron altar of Okawaru.
  5814 | D:6      | Became a worshipper of Warmaster Okawaru
  6156 | D:7      | Noticed a troll
  6177 | D:6      | Killed a troll
  6419 | D:7      | Identified the +7 ring mail of the Orcish Mines {rC- Str+3
                  | Dex+2 Stlth+}
  6423 | D:7      | Noticed a gargoyle
  6639 | D:6      | Reached * piety under Okawaru
  6772 | D:7      | Reached XP level 9. HP: 74/74 MP: 9/9
  6775 | D:7      | Reached skill level 1 in Invocations
  6939 | D:7      | Killed a gargoyle
  6939 | D:7      | Reached skill level 1 in Evocations
  7204 | D:7      | Found a staircase to the Ecumenical Temple.
  7219 | Temple   | Entered the Ecumenical Temple
  7451 | D:7      | Noticed Dowan
  7453 | D:7      | Noticed Duvessa
  7461 | D:7      | Killed Dowan
  7472 | D:7      | Killed Duvessa
  7632 | D:7      | Found a bloodstained altar of Trog.
  7632 | D:7      | Found a faded altar of an unknown god.
  7638 | D:7      | Found a faded altar of an unknown god.
  7642 | D:7      | Found a stormy altar of Qazlal.
  7644 | D:7      | Found a basalt altar of Yredelemnul.
  7950 | D:8      | Found a shadowy altar of Dithmenos.
  8142 | D:8      | Reached ** piety under Okawaru
  8193 | D:8      | Reached skill level 1 in Spellcasting
  8204 | D:8      | Found a glowing silver altar of Zin.
  8209 | D:8      | Noticed Psyche
  8224 | D:8      | Killed Psyche
  8524 | D:9      | Found an opulent altar of Gozag.
  8561 | D:9      | Reached XP level 10. HP: 83/83 MP: 10/12
  8635 | D:9      | Reached *** piety under Okawaru
  8862 | D:9      | Noticed Erolcha
  8872 | D:9      | Killed Erolcha
  8872 | D:9      | Reached **** piety under Okawaru
  9108 | D:9      | Found Zodist's Distillery.
  9116 | D:9      | Bought a potion of mutation for 128 gold pieces
  9118 | D:9      | Gained mutation: You have an increased reservoir of magic.
                  | (+10% MP) [potion of mutation]
  9118 | D:9      | Gained mutation: You are somewhat resistant to further
                  | mutation. [potion of mutation]
  9169 | D:9      | Noticed Pikel
  9184 | D:9      | Killed Pikel
  9266 | D:9      | Noticed Gastronok
  9291 | D:9      | Killed Gastronok
  9291 | D:9      | Reached ***** piety under Okawaru
  9291 | D:9      | Received a gift from Okawaru
  9291 | D:9      | Reached skill level 10 in Axes
  9291 | D:9      | Reached skill level 1 in Throwing
  9291 | D:9      | Reached skill level 5 in Invocations
  9291 | D:9      | Reached XP level 11. HP: 80/92 MP: 14/17
  9332 | D:9      | Reached skill level 10 in Shields
  9648 | D:10     | Entered Level 10 of the Dungeon
  9780 | D:10     | Found a staircase to the Lair.
 10299 | D:11     | Noticed a cyclops
 10299 | D:11     | Noticed a two-headed ogre
 10355 | D:11     | Killed a two-headed ogre
 10362 | D:11     | Killed a cyclops
 10362 | D:11     | Reached ****** piety under Okawaru
 10762 | D:12     | Received a gift from Okawaru
 10762 | D:12     | Reached skill level 5 in Evocations
 10798 | D:12     | Reached XP level 12. HP: 69/101 MP: 14/19
 10877 | D:12     | Found Suagril's Book Shoppe.
 10911 | D:12     | Found a frozen archway.
 10969 | D:12     | Noticed Frances
 11007 | D:12     | Killed from afar by an orc priest

Levels and vault maps discovered:
D:1:      doesnt_arrival_eight_statues, layout_basic, minmay_pentomino_s4
D:2:      minmay_wonky_spiral, layout_basic, lemuel_round_altar,
          gammafunk_temple_overflow_arena, nicolae_tso_carved_into_rock
D:3:      layout_loops_ring, first_ration, st_stairs_10,
          makhleb_blood_cavern_becter, uniq_ijyb, uniq_grinder
D:4:      layout_gridville, kennysheep_little_box, serial_shops,
          nicolae_shop_competitors_out_of_business
D:5:      layout_loops_ring, hangedman_abyss_or_decor_passed, corexii_shack
D:6:      layout_basic, chequers_temple_overflow_statue_of_worship
D:7:      layout_basic, chequers_temple_overflow_minitemple,
          minmay_temple_entry_ruins, grunt_ministairs_10, uniq_duvessa
D:8:      layout_basic, nicolae_dithmenos_shadow_blocks, zin_statuary,
          uniq_psyche
D:9:      layout_long_grid, grunt_gozag_statues, serial_undead, serial_undead_d,
          serial_undead_a, serial_undead_b, serial_undead_f, serial_undead_b,
          serial_shops, nicolae_shop_stone, grunt_livestock, uniq_pikel,
          uniq_erolcha, uniq_gastronok
D:10:     layout_cross, erik_lair_orcish_takeover, st_stairs_7,
          grunt_ministairs_1
D:11:     layout_long_grid
D:12:     kennysheep_seaside_town, layout_rooms, david_orc_5, serial_shops,
          nicolae_shop_temple_entry_statues_fountains,
          portal_ice_cave_entry_ice_beasts, uniq_frances, uniq_azrael,
          uniq_josephine
Temple:   nicolae_temple_figure_zero

Skill      XL: |  1  2  3  4  5  6  7  8  9 10 11 12 |
---------------+-------------------------------------+-----
Axes           | 3 4 5 6 8 9 10 11 | 11.4
Armour         | 4 5 6 7 8 9 |  9.3
Fighting       | 4 5 6 7 8 |  8.1
Dodging        | 1 2 |  2.2
Shields        | 4 5 7 8 9 11 | 11.2
Invocations    | 3 5 6 7 |  7.2
Evocations     | 2 4 5 |  5.3
Spellcasting   | 1 3 4 |  4.1
Throwing       | 1 |  1.2
Stealth        | |  0.3
Unarmed Combat | |  0.3

Action                   |  1- 3 |  4- 6 |  7- 9 | 10-12 || total
-------------------------+-------+-------+-------+-------++-------
Melee: War axe           |   139 |   159 |   514 |   384 ||  1196
       Unarmed           |       |       |    28 |       ||    28
Throw: Boomerang         |       |     2 |       |    32 ||    34
Invok: Heroism           |       |       |     1 |     8 ||     9
       Finesse           |       |       |       |     4 ||     4
Evoke: Wand              |       |       |     6 |     5 ||    11
  Use: Potion            |       |     5 |     6 |     6 ||    17
       Scroll            |       |       |     3 |       ||     3
  Eat: Chunk             |     3 |     5 |    14 |     5 ||    27
       Ration            |       |       |     1 |     2 ||     3
Armor: Scale mail        |    94 |   109 |    23 |       ||   226
       Chain mail        |       |       |   221 |   131 ||   352
       Skin              |       |       |     8 |     6 ||    14
Dodge: Dodged            |    59 |    68 |   116 |    65 ||   308
Block: Kite shield       |    83 |    96 |   301 |       ||   480
       Reflection        |       |       |     9 |    13 ||    22
       Pavise            |       |       |   101 |   463 ||   564

Table legend:
 A = Non-vault XP
 B = Vault XP
 C = Vault XP percentage of total XP
 D = Non-vault monster count
 E = Vault monster count
 F = Vault count percentage of total count
                 A         B        C        D         E       F
            +---------+---------+-------+---------+---------+-------
      Total |   11787 |    8825 |  42.8 |     258 |      62 |  19.4
            +---------+---------+-------+---------+---------+-------
        D:1 |      39 |       7 |  15.2 |      20 |       4 |  16.7
        D:2 |     103 |      59 |  36.4 |      29 |       6 |  17.1
        D:3 |     135 |     366 |  73.1 |      27 |       5 |  15.6
        D:4 |     209 |       0 |   0.0 |      17 |       0 |   0.0
        D:5 |     469 |       1 |   0.2 |      12 |       1 |   7.7
        D:6 |     623 |     286 |  31.5 |      22 |       1 |   4.3
        D:7 |     656 |     234 |  26.3 |      22 |       3 |  12.0
        D:8 |    1121 |     448 |  28.6 |      18 |       1 |   5.3
        D:9 |    2282 |    5238 |  69.7 |      30 |      16 |  34.8
       D:10 |     639 |    1290 |  66.9 |       9 |      18 |  66.7
       D:11 |    2541 |       0 |   0.0 |      18 |       0 |   0.0
       D:12 |    2970 |     896 |  23.2 |      34 |       7 |  17.1
            +---------+---------+-------+---------+---------+-------
